 Dungeon Crawl Stone Soup version 0.25-a0-566-g062765be81 (webtiles) character file.

Game seed: 17149278256818027888, levelgen mode: deterministic

63654 Flugslaktarn the Severer (level 14, -4/133 HPs)
             Began as a Deep Dwarf Fighter on Feb 28, 2020.
             Was the Champion of Makhleb.
             Slain by a 13-headed hydra (8 damage)
             ... called by a spriggan druid
             ... on level 4 of the Swamp.
             The game lasted 00:12:38 (12883 turns).

Flugslaktarn the Severer (Deep Dwarf Fighter)      Turns: 12883, Time: 00:12:39

Health: -4/133     AC: 27    Str: 25    XL:     14   Next: 68%
Magic:  3/3        EV:  7    Int: 12    God:    Makhleb [******]
Gold:   4759       SH: 13    Dex: 14    Spells: 13/13 levels left

rFire    + . .     SeeInvis .   Q - +7 war axe "Vuykiuq" {vorpal, *Contam +Inv rElec Int+3}
rCold    . . .     Gourm    .   c - +0 kite shield
rNeg     + . .     Faith    .   H - +0 plate armour
rPois    .         Spirit   .   k - +2 helmet
rElec    +         Reflect  .   f - +2 cloak
rCorr    .         Harm     .   D - +2 pair of gloves
MR       ++...                  (no boots)
Stlth    ..........             (no amulet)
HPRegen  0.00/turn              M - ring of Ece Ju Wae {rF+ Dex+2}
MPRegen  0.08/turn              p - +1 ring of protection

@: about to teleport, very slightly contaminated, non-regenerating
A: damage resistance, heal wounds, negative energy resistance 1, sense
surroundings 2, no regeneration
a: Heal Wounds, Minor Destruction, Lesser Servant of Makhleb, Major Destruction,
Greater Servant of Makhleb, Renounce Religion, Evoke Invisibility


You were on level 4 of the Swamp.
You worshipped Makhleb.
Makhleb was exalted by your worship.
You were hungry.

You visited 4 branches of the dungeon, and saw 23 of its levels.
You also visited: Gauntlet.

You collected 4759 gold pieces.

Inventory:

Hand Weapons
 a - a +1 war axe
 u - a +1 vorpal hand axe
   (You took it off an orc on level 9 of the Dungeon)
 Q - the +7 war axe "Vuykiuq" (weapon) {vorpal, *Contam +Inv rElec Int+3}
   (You found it in a Gauntlet)

   It inflicts extra damage upon your enemies.
   It affects your intelligence (+3).
   It insulates you from electricity.
   It lets you turn invisible.
   It causes magical contamination when unequipped.
Missiles
 J - 5 throwing nets (quivered)
Armour
 c - a +0 kite shield (worn)
 f - a +2 cloak (worn)
   (You found it on level 3 of the Lair of Beasts)
 k - a +2 helmet (worn)
   (You found it on level 3 of the Lair of Beasts)
 D - a +2 pair of gloves (worn)
   (You found it on level 11 of the Dungeon)
 H - a +0 plate armour (worn)
   (You took it off an orc on level 11 of the Dungeon)
Jewellery
 p - a +1 ring of protection (right hand)
   (You took it off a minotaur in a Gauntlet)
 M - the ring of Ece Ju Wae (left hand) {rF+ Dex+2}
   (You found it in a Gauntlet)

   [ring of protection from fire]

   It affects your dexterity (+2).
   It protects you from fire.
 O - the ring of Pragmatism {Fire MR++ MP+9 SInv}
   (You found it in a Gauntlet)

   [ring of fire]

   It enhances your fire magic.
   It protects you from fire.
   It makes you vulnerable to cold.
   It affects your resistance to hostile enchantments.
   It affects your magic capacity (+9).
   It lets you see invisible.
Wands
 i - a wand of scattershot (6)
   (You found it on level 4 of the Dungeon)
 j - a wand of paralysis (10)
   (You found it on level 8 of the Dungeon)
 o - a wand of acid (8)
   (You found it on level 4 of the Lair of Beasts)
 v - a wand of digging (7)
   (You found it on level 3 of the Spider Nest)
 R - a wand of clouds (12)
   (You found it in a Gauntlet)
Scrolls
 b - 5 scrolls of magic mapping
 g - 5 scrolls of fog
 r - a scroll of identify
 s - 6 scrolls of enchant armour
 t - 6 scrolls of teleportation
 y - 3 scrolls of enchant weapon
 G - a scroll of silence
 K - 3 scrolls of remove curse
 L - a scroll of holy word
Potions
 d - a potion of might
 h - a potion of haste
 l - 3 potions of mutation
 m - 4 potions of ambrosia
 n - a potion of resistance
 q - a potion of curing
 A - a potion of cancellation
 C - 2 potions of brilliance
 E - 5 potions of stabbing
 F - a potion of lignification
 P - 5 potions of invisibility
Comestibles
 e - 20 rations


   Skills:
 + Level 10.4 Fighting
 * Level 16.2 Axes
 + Level 12.2 Armour
 + Level 12.1 Shields
 + Level 13.2 Invocations


You had 13 spell levels left.
You didn't know any spells.
Your spell library was empty.

Dungeon Overview and Level Annotations

Branches:
Dungeon (11/15)            Temple (0/1) D:4            Lair (5/6) D:11
  Swamp (4/4) Lair:2       Spider (3/4) Lair:3          Orc (0/2) D:9
Gauntlet (visited)
  Slime: Lair:5-6

Altars:
Ashenzari
Elyvilon
Makhleb
Okawaru
Qazlal
Ru
Sif Muna
Trog
Xom
Beogh

Shops:
D:9 =   D:10 (:

Portals:
Abyss: D:6

Annotations:
D:5 2 runed translucent doors, exclusion: door
D:6 2 transporters, SamuraiZach's ghost, novice TrBe
D:7 1 runed translucent door, OlivierWah's ghost, novice MiFi
D:10 2 transporters, Flugslaktarn's ghost, novice DDFi
Lair:5 exclusion: 4 oklob plants
Spider:3 Roxanne


Innate Abilities, Weirdness & Mutations

You are resistant to damage.
You can heal yourself by infusing magical energy.
You resist negative energy. (rN+)
You passively map the area around you.
You do not regenerate.


Message History

The 13-headed hydra bites you but does no damage. x2
The 13-headed hydra closely misses you.
The 13-headed hydra bites you but does no damage.
The 13-headed hydra bites you.
* * * LOW HITPOINT WARNING * * *
The 13-headed hydra bites you but does no damage.
The swamp dragon bites you but does no damage.
The swamp dragon claws you!
* * * LOW HITPOINT WARNING * * *
The swamp dragon barely misses you.
The swamp worm is engulfed in noxious fumes.
Unknown command.
As you read the scroll of teleportation, it crumbles to dust.
You feel strangely unstable.
The swamp dragon bites you but does no damage.
The swamp dragon claws you but does no damage.
The swamp dragon barely misses you. The 13-headed hydra bites you!
* * * LOW HITPOINT WARNING * * *
You block the 13-headed hydra's attack. The 13-headed hydra bites you!
You die...

≈....♣[..≈.≈≈≈≈≈.♣♣ ♣≈.≈≈≈♣
≈≈..○♣°.°♣.≈≈≈≈≈≈.♣♣♣..≈≈≈♣
≈≈D☼○♣♣♣♣♣♣§≈≈....≈♣≈.≈≈≈♣♣
%.♣≈.♣ ♣♣§○°...≈..≈..♣♣
≈≈♣♣♣♣ ♣≈☼§☼§≈≈...≈≈≈≈♣ ≈§♣
* ♣.§w§§≈≈≈..≈≈≈≈♣ ≈.≈≈♣
♣§≈§§w§≈≈≈.≈≈.♣♣ ≈≈○≈≈♣
♣.≈≈.§DD≈≈≈≈§<♣ ○°°..♣
♣≈≈≈.)@D..≈≈≈≈♣ *** .≈♣♣♣♣
♣♣♣.≈≈≈≈≈§≈.≈≈≈♣♣* * ...*
♣.≈.≈§§≈≈≈.≈≈.♣♣ * ♣.♣
♣♣≈≈.≈≈≈≈≈♣.≈.♣≈ * .[.
♣≈≈≈≈≈≈§≈♣≈§.≈. * * * *
♣♣≈≈≈≈≈.♣♣..≈♣♣ ≈ **≈ ≈ *
*♣.≈≈§≈≈≈♣♣♣♣... ,
.≈≈≈..≈≈.♣ *.≈≈ ≈ ≈
≈§≈≈≈≈≈≈§≈.≈ , *


You could see a 13-headed hydra, 2 swamp dragons and 2 swamp worms.

Vanquished Creatures
  Kirke (Lair:4)
  A thorn hunter (Swamp:3)
  Aizul (Spider:3)
  An entropy weaver (Spider:3)
  A minotaur (Gauntlet)
  Josephine (Lair:5)
  8 hydras
  6 alligators
  A queen ant (Lair:2)
  2 two-headed ogres
  An orc high priest (Swamp:1)
  A death yak (Lair:5)
  A spriggan (Swamp:2)
  A sixfirhy (Gauntlet)
  2 spriggan druids
  5 swamp dragons (Swamp:4)
  Pikel (D:7)
  An orb spider (Spider:3)
  A worldbinder (Gauntlet)
  4 wolf spiders
  An ugly thing (D:11)
  2 black mambas
  4 elephants (Lair:4)
  3 spiny frogs
  A rime drake (Lair:3)
  2 komodo dragons
  4 demonic crawlers
  A troll (D:9)
  8 jumping spiders
  9 tyrant leeches
  A hornet (Swamp:2)
  A merfolk (D:9)
  Prince Ribbit (D:5)
  12 hippogriffs
  9 blink frogs
  3 bog bodies
  A raiju (Gauntlet)
  12 redbacks
  32 yaks
  The ghost of sixsigma the Grave Robber, an amateur DENe (D:5)
  7 tarantellas (Spider:3)
  A wyvern (Lair:3)
  2 humans (D:8)
  4 wraiths (Lair:5)
  7 hogs (Lair:4)
  A basilisk (Lair:2)
  4 vampire mosquitoes (Swamp:2)
  13 soldier ants (Lair:2)
  11 water moccasins
  9 swamp worms
  Duvessa (D:7)
  7 porcupines
  4 orc warriors
  2 ice beasts
  2 phantoms
  2 sky beasts
  4 slaves (D:7)
  3 black bears
  3 swamp drakes
  6 ogres
  4 wolves (Lair:1)
  A boggart (Gauntlet)
  4 centaurs
  A big kobold (D:5)
  7 crocodiles
  14 bullfrogs
  Dowan (D:7)
  2 scorpions (Lair:3)
  3 wights (D:8)
  An electric eel (Lair:3)
  7 crimson imps
  2 quasits
  2 bullfrog zombies
  3 hounds
  3 jellies
  A centaur skeleton (D:9)
  6 orc priests
  A bullfrog skeleton (D:9)
  13 orc wizards
  2 iguanas
  42 worker ants
  2 hell rats (Lair:1)
  2 lightning spires (Gauntlet)
  A worker ant zombie (D:10)
  3 adders
  4 gnolls (D:7)
  5 river rats (Lair:1)
  2 shadow imps
  3 ufetubi (Gauntlet)
  An ooze (D:6)
  A worm (Lair:3)
  An adder skeleton (D:8)
  3 leopard geckos
  53 orcs
  4 giant cockroaches
  3 goblins (D:3)
  2 hobgoblins
  4 jackals
  7 kobolds
  5 bats
  A frilled lizard (D:2)
  A leopard gecko skeleton (D:4)
  A leopard gecko zombie (D:9)
  A quokka zombie (D:8)
  3 rats
  3 briar patches (Swamp:3)
  6 fungi
  2 plants (Lair:4)
486 creatures vanquished.

Vanquished Creatures (collateral kills)
  Asterion (Spider:3)
  A hydra (Swamp:4)
  A wolf spider (Spider:3)
  A demonic crawler (Spider:3)
  A jumping spider (Spider:3)
5 creatures vanquished.

Vanquished Creatures (others)
  6 fungi
  3 plants
9 creatures vanquished.

Grand Total: 500 creatures vanquished

Notes
Turn   | Place    | Note
-------+----------+-------------------------------------------
     0 | D:1      | Flugslaktarn the Deep Dwarf Fighter began the quest for the
                  | Orb.
     0 | D:1      | Reached XP level 1. HP: 20/20 MP: 1/1
    28 | D:1      | You fall into a shaft and drop 1 floor!
    69 | D:1      | Reached XP level 2. HP: 27/27 MP: 2/2
   143 | D:3      | Noticed a phantom
   186 | D:3      | Killed a phantom
   186 | D:3      | Reached skill level 3 in Axes
   186 | D:3      | Reached XP level 3. HP: 34/34 MP: 3/3
   186 | D:3      | Reached XP level 4. HP: 42/42 MP: 4/4
   219 | D:3      | Reached skill level 4 in Axes
   219 | D:3      | Reached XP level 5. HP: 30/49 MP: 5/5
   557 | D:4      | Noticed an ogre
   568 | D:4      | Killed an ogre
   568 | D:4      | Reached XP level 6. HP: 35/57 MP: 5/5
   665 | D:4      | Reached skill level 5 in Axes
   717 | D:4      | Found a staircase to the Ecumenical Temple.
   746 | D:4      | Found a shimmering altar of Xom.
   747 | D:4      | Found a burning altar of Makhleb.
   757 | D:4      | Became a worshipper of Makhleb the Destroyer
   887 | D:5      | Entered Level 5 of the Dungeon
   993 | D:5      | Noticed Prince Ribbit
  1190 | D:5      | Noticed an ice beast
  1204 | D:5      | Killed an ice beast
  1204 | D:5      | Reached skill level 1 in Invocations
  1204 | D:5      | Reached XP level 7. HP: 30/64 MP: 5/5
  1208 | D:5      | Found a runed translucent door.
  1209 | D:5      | Found a runed translucent door.
  1264 | D:5      | Found a shimmering blue altar of Sif Muna.
  1292 | D:5      | Killed Prince Ribbit
  1292 | D:5      | Reached skill level 5 in Armour
  1292 | D:5      | Reached skill level 5 in Shields
  1457 | D:6      | Reached skill level 6 in Axes
  1562 | D:6      | Reached XP level 8. HP: 31/73 MP: 8/8
  1598 | D:6      | HP: 3/73 [orc warrior/+0 short sword (4)]
  1770 | D:6      | Reached skill level 7 in Axes
  1934 | D:6      | Found a transporter.
  2020 | D:6      | Found a transporter.
  2022 | D:6      | Found a one-way gate to the infinite horrors of the Abyss.
  2022 | D:6      | Noticed SamuraiZach's ghost (novice TrBe)
  2022 | D:6      | Noticed an ancient zyme
  2024 | D:6      | Noticed a toenail golem
  2113 | D:7      | Found a runed translucent door.
  2113 | D:7      | Noticed OlivierWah's ghost (novice MiFi)
  2134 | D:7      | Noticed Duvessa
  2134 | D:7      | Noticed Dowan
  2149 | D:7      | Killed Duvessa
  2149 | D:7      | Reached skill level 5 in Fighting
  2155 | D:7      | Killed Dowan
  2280 | D:7      | Reached * piety under Makhleb
  2382 | D:5      | Found a runed translucent gate.
  2465 | D:5      | Noticed sixsigma's ghost (amateur DENe)
  2466 | D:5      | Found a runed translucent gate.
  2466 | D:5      | Found a runed translucent gate.
  2467 | D:5      | Found a roughly hewn altar of Beogh.
  2468 | D:5      | Identified the +11 mace of Blood-Lust {freeze, Dex+3 SInv}
  2468 | D:5      | Identified the +1 scale mail "Uputsez" {rF+}
  2838 | D:5      | Reached skill level 8 in Axes
  2854 | D:5      | Killed sixsigma's ghost
  2854 | D:5      | Gained mutation: You passively map the area around you.
                  | [Deep Dwarf growth]
  2854 | D:5      | Reached XP level 9. HP: 72/81 MP: 9/9
  2988 | D:7      | Reached skill level 5 in Invocations
  3053 | D:7      | Found a shattered altar of Ashenzari.
  3145 | D:7      | Reached ** piety under Makhleb
  3199 | D:7      | Found a stormy altar of Qazlal.
  3199 | D:7      | Noticed Pikel
  3236 | D:7      | Killed Pikel
  3334 | D:7      | Reached skill level 9 in Axes
  3611 | D:8      | Noticed a two-headed ogre
  3633 | D:8      | Killed a two-headed ogre
  3635 | D:8      | Reached XP level 10. HP: 71/91 MP: 10/10
  3660 | D:8      | Found an iron altar of Okawaru.
  3804 | D:8      | Found a bloodstained altar of Trog.
  4479 | D:9      | Reached *** piety under Makhleb
  4479 | D:9      | Reached skill level 10 in Axes
  4776 | D:9      | Found a staircase to the Orcish Mines.
  4891 | D:9      | Found a white marble altar of Elyvilon.
  5161 | D:9      | Found Iluozipo's Jewellery Shoppe.
  5260 | D:9      | Found a sacrificial altar of Ru.
  5362 | D:10     | Entered Level 10 of the Dungeon
  5460 | D:10     | Found Izuah's Book Shoppe.
  5584 | D:10     | Found a bloodstained altar of Trog.
  5584 | D:10     | Noticed a cyclops
  5584 | D:10     | Noticed a two-headed ogre
  5584 | D:10     | Noticed a moth of wrath
  5584 | D:10     | Noticed Flugslaktarn's ghost (novice DDFi)
  5591 | D:10     | Found a transporter.
  5593 | D:10     | Found a transporter.
  5652 | D:10     | Found Plog's Weapon Boutique.
  5874 | D:10     | Reached **** piety under Makhleb
  6092 | D:11     | Noticed a two-headed ogre
  6112 | D:11     | Reached skill level 11 in Axes
  6112 | D:11     | Killed a two-headed ogre
  6112 | D:11     | Reached XP level 11. HP: 66/100 MP: 10/12
  6127 | D:11     | Noticed a white ugly thing
  6143 | D:11     | Killed a white ugly thing
  6199 | D:11     | Noticed a seven-headed hydra
  6201 | D:11     | Found a staircase to the Lair.
  6224 | D:11     | Killed a seven-headed hydra
  6534 | Lair:1   | Entered Level 1 of the Lair of Beasts
  7071 | Lair:1   | Reached skill level 12 in Axes
  7437 | Lair:2   | Found a staircase to the Swamp.
  7459 | Lair:2   | Found a gate leading to a gauntlet.
  7471 | Gauntlet | Entered a Gauntlet
  7471 | Gauntlet | Found a transporter.
  7481 | Gauntlet | Found a transporter.
  7481 | Gauntlet | Noticed a fire crab
  7496 | Gauntlet | Found a transporter.
  7501 | Gauntlet | Found a transporter.
  7508 | Gauntlet | Noticed a wizard
  7510 | Gauntlet | Noticed a wizard
  7516 | Gauntlet | Found a transporter.
  7535 | Gauntlet | Found a transporter.
  7535 | Gauntlet | Noticed a reaper
  7538 | Gauntlet | Found the +0 mask of the Dragon {MR+ Slay+3 SInv}
  7547 | Gauntlet | Found a transporter.
  7559 | Gauntlet | Found a transporter.
  7559 | Gauntlet | Noticed a necromancer
  7559 | Gauntlet | Noticed a death yak
  7560 | Gauntlet | Noticed a death yak
  7561 | Gauntlet | Noticed a death yak
  7574 | Gauntlet | Found a transporter.
  7583 | Gauntlet | Found a transporter.
  7589 | Gauntlet | Found a transporter.
  7589 | Gauntlet | Found a transporter.
  7628 | Gauntlet | Found a transporter.
  7628 | Gauntlet | Noticed a sixfirhy
  7653 | Gauntlet | Found a transporter.
  7655 | Gauntlet | Found a transporter.
  7755 | Gauntlet | Found a transporter.
  7775 | Gauntlet | Found a transporter.
  7882 | Gauntlet | Noticed a sixfirhy
  7945 | Gauntlet | Killed a sixfirhy
  7958 | Gauntlet | Got a coiled silver ring
  8025 | Gauntlet | Got a twitching bronze ring
  8029 | Gauntlet | Got a fine war axe
  8030 | Gauntlet | Identified the +7 war axe "Vuykiuq" {vorpal, *Contam +Inv
                  | rElec Int+3} (You found it in a Gauntlet)
  8100 | Gauntlet | Noticed a minotaur
  8114 | Gauntlet | Killed a minotaur
  8114 | Gauntlet | Reached ***** piety under Makhleb
  8125 | Lair:2   | Identified the ring of Ece Ju Wae {rF+ Dex+2} (You found it
                  | in a Gauntlet)
  8126 | Lair:2   | Identified the ring of Pragmatism {Fire MR++ MP+9 SInv}
                  | (You found it in a Gauntlet)
  8159 | Lair:2   | Identified a scroll of acquirement
  8159 | Lair:2   | Identified the +0 hunting sling "Ulier" {freeze, rElec rC-
                  | Str+4} (You acquired it on level 2 of the Lair of Beasts)
  8239 | Lair:2   | Noticed a queen ant
  8247 | Lair:2   | Reached XP level 12. HP: 109/110 MP: 12/12
  8258 | Lair:2   | Killed a queen ant
  8294 | Lair:2   | Reached skill level 10 in Invocations
  8577 | Lair:2   | Reached skill level 13 in Axes
  8683 | Lair:2   | You fall into a shaft and drop 2 floors!
  8683 | Lair:4   | Noticed Kirke
  8703 | Lair:4   | Killed Kirke
  8703 | Lair:4   | Reached skill level 10 in Armour
  8703 | Lair:4   | Reached skill level 10 in Shields
  9006 | Lair:3   | Reached ****** piety under Makhleb
  9024 | Lair:3   | Found a hole to the Spider Nest.
  9244 | Lair:3   | You fall into a shaft and drop 2 floors!
  9255 | Lair:5   | Reached XP level 13. HP: 121/121 MP: 14/14
  9263 | Lair:5   | Noticed Josephine
  9271 | Lair:5   | Reached skill level 14 in Axes
  9277 | Lair:5   | Killed Josephine
 11204 | Spider:1 | Entered Level 1 of the Spider Nest
 11521 | Spider:3 | Noticed an entropy weaver
 11523 | Spider:3 | Noticed Asterion
 11546 | Spider:3 | Killed an entropy weaver
 11550 | Spider:3 | Reached skill level 15 in Axes
 11554 | Spider:3 | Noticed a blizzard demon
 11558 | Spider:3 | Killed Asterion
 11637 | Spider:3 | Noticed Aizul
 11666 | Spider:3 | Killed Aizul
 11674 | Spider:3 | Noticed Roxanne
 11986 | Swamp:1  | Entered Level 1 of the Swamp
 12002 | Swamp:1  | Gained mutation: You resist negative energy. (rN+) [Deep
                  | Dwarf growth]
 12002 | Swamp:1  | Reached XP level 14. HP: 91/130 MP: 10/10
 12218 | Swamp:1  | Reached skill level 10 in Fighting
 12584 | Swamp:3  | Noticed a thorn hunter
 12616 | Swamp:3  | Killed a thorn hunter
 12626 | Swamp:4  | Entered Level 4 of the Swamp
 12782 | Swamp:4  | Reached skill level 16 in Axes
 12883 | Swamp:4  | HP: 4/133 [13-headed hydra[a spriggan druid] (6)]
 12883 | Swamp:4  | Slain by a 13-headed hydra

Levels and vault maps discovered:
D:1:      nagdon_arrival_zigzag_paths, layout_basic
D:2:      layout_loops_ring, lemuel_round_altar, serial_bayou_pond_e,
          uniq_crazy_yiuf_cottage
D:3:      layout_basic, grunt_decor_clamped
D:4:      layout_gridville, grunt_temple_overflow_champion_of_chaos,
          minmay_temple_entry_mist
D:5:      lemuel_insect_pit, layout_basic, led_sif_book,
          biasface_ghost_orc_armoury, first_ration,
          chequers_serial_rivers_room_a, corexii_corridor_pit,
          uniq_prince_ribbit1
D:6:      layout_basic, gammafunk_ghost_abyssal_escape
D:7:      layout_loops_cross, kennysheep_mini_moat,
          nicolae_qazlal_general_emergency, hellmonk_ghost_happy_afterlife,
          uniq_duvessa, uniq_pikel
D:8:      layout_basic, bloody_trog, okawaru_humans, serial_curves,
          eino_curves_02, eino_curves_04, eino_curves_03, eino_curves_04
D:9:      layout_stronghold, serial_shops, shop, basic_altar,
          hangedman_fish_farm, nicolae_ru_path_of_blood
D:10:     layout_basic, serial_shops, nicolae_shop_competitors_out_of_business,
          nicolae_shop_behind_doors, gammafunk_ghost_wrathful_warriors,
          hex_intersection
D:11:     layout_cross, david_lair_generic
Lair:1:   layout_hall_layers, kennysheep_rathole
Lair:2:   layout_long_grid, swamp_mist_pool, gauntlet_entry_generic,
          zaba_anthell
Lair:3:   layout_misc_corridors, nicolae_spider_entry_non_spiders,
          fungi_pond_lemuel, serial_bayou_shore_b, grunt_megastairs_4
Lair:4:   layout_regular_city, uniq_kirke
Lair:5:   layout_cave_pods, minmay_lair_oklob_chamber, uniq_josephine
Swamp:1:  layout_basic_swamp, nicolae_swamp_feature_on_the_river_bank,
          grunt_hermit_hut
Swamp:2:  layout_falls_marsh, infiniplex_staircase_pool
Swamp:3:  layout_falls_marsh, gammafunk_ghost_hydra_chop,
          evilmike_swamp_ruin_house_1
Swamp:4:  swamp_alternative, layout_basic_swamp
Spider:1: layout_chambers
Spider:2: layout_spider_delve, drop_trap
Spider:3: layout_chambers, uniq_mara, uniq_roxanne, uniq_asterion, uniq_aizul

Skill      XL: |  1  2  3  4  5  6  7  8  9 10 11 12 13 14 |
---------------+-------------------------------------------+-----
Fighting       | 3 4 5 6 7 8 9 10 | 10.4
Axes           | 3 4 5 6 8 9 11 12 13 15 16 | 16.2
Shields        | 4 5 6 7 8 9 10 11 12 | 12.1
Armour         | 4 5 6 7 8 9 10 11 12 | 12.2
Invocations    | 1 3 4 6 8 9 11 12 13 | 13.2

Action                   |  1- 3 |  4- 6 |  7- 9 | 10-12 | 13-15 || total
-------------------------+-------+-------+-------+-------+-------++-------
Melee: War axe           |    51 |   152 |   407 |   869 |   580 ||  2059
Invok: Lesser Servant of |       |       |       |     4 |     6 ||    10
       Greater Servant o |       |       |       |       |     3 ||     3
 Abil: Heal Wounds       |     1 |    10 |    23 |    12 |    30 ||    76
Evoke: Wand              |       |       |     4 |     6 |     5 ||    15
  Use: Scroll            |       |       |       |    26 |    10 ||    36
       Potion            |       |       |       |     1 |     6 ||     7
 Stab: Invisible         |       |       |       |     1 |       ||     1
       Distracted        |       |       |       |       |     5 ||     5
  Eat: Ration            |       |       |     2 |       |     1 ||     3
       Chunk             |       |       |     3 |    20 |     8 ||    31
Armor: Scale mail        |    25 |    52 |    90 |       |       ||   167
       Chain mail        |       |       |   173 |   235 |       ||   408
       Plate armour      |       |       |       |   308 |   771 ||  1079
Dodge: Dodged            |    17 |    41 |   124 |   212 |   274 ||   668
Block: Kite shield       |    29 |    86 |   297 |   586 |   539 ||  1537

Table legend:
 A = Non-vault XP
 B = Vault XP
 C = Vault XP percentage of total XP
 D = Non-vault monster count
 E = Vault monster count
 F = Vault count percentage of total count
                 A         B        C        D         E       F
            +---------+---------+-------+---------+---------+-------
      Total |   60916 |   30019 |  33.0 |     355 |     121 |  25.4
            +---------+---------+-------+---------+---------+-------
        D:1 |       9 |       0 |   0.0 |       6 |       0 |   0.0
        D:2 |       6 |       0 |   0.0 |       3 |       0 |   0.0
        D:3 |     248 |       0 |   0.0 |      18 |       0 |   0.0
        D:4 |     242 |      50 |  17.1 |      10 |       1 |   9.1
        D:5 |     366 |     589 |  61.7 |       9 |       9 |  50.0
        D:6 |    1074 |       0 |   0.0 |      20 |       0 |   0.0
        D:7 |     974 |     877 |  47.4 |      32 |       3 |   8.6
        D:8 |    1715 |     404 |  19.1 |      23 |       2 |   8.0
        D:9 |    1472 |     282 |  16.1 |      26 |       1 |   3.7
       D:10 |    1383 |       0 |   0.0 |      12 |       0 |   0.0
       D:11 |    4732 |     669 |  12.4 |      33 |       4 |  10.8
     Lair:1 |    2256 |     134 |   5.6 |      12 |       9 |  42.9
     Lair:2 |    1780 |    3888 |  68.6 |      10 |      43 |  81.1
     Lair:3 |    3510 |    1138 |  24.5 |      19 |      10 |  34.5
     Lair:4 |    6506 |    3555 |  35.3 |      23 |       8 |  25.8
     Lair:5 |    4143 |    2839 |  40.7 |      19 |       7 |  26.9
    Swamp:1 |    5981 |     878 |  12.8 |      12 |       1 |   7.7
    Swamp:2 |    6973 |       0 |   0.0 |      17 |       0 |   0.0
    Swamp:3 |    2613 |       0 |   0.0 |       4 |       0 |   0.0
    Swamp:4 |    2189 |    8103 |  78.7 |       8 |      11 |  57.9
   Spider:1 |    3622 |       0 |   0.0 |      13 |       0 |   0.0
   Spider:2 |     306 |       0 |   0.0 |       1 |       0 |   0.0
   Spider:3 |    8816 |    3630 |  29.2 |      25 |       2 |   7.4
   Gauntlet |       0 |    2983 | 100.0 |       0 |      10 | 100.0
            +---------+---------+-------+---------+---------+-------
